 Dungeon Crawl Stone Soup version 0.29.1-12-g30fa7ad0bf (webtiles) character file.

Game seed: 8943694230742339394

1893 LustLizard the Cleaver (level 8, -1/74 HPs)
             Began as a Minotaur Monk on Jan 4, 2023.
             Slain by a two-headed ogre
             ... wielding a +0 giant club
              (6 damage)
             ... on level 6 of the Dungeon.
             The game lasted 00:09:09 (5928 turns).

LustLizard the Cleaver (Minotaur Monk)              Turns: 5928, Time: 00:09:10

Health: -1/74      AC:  8    Str: 18    XL:     8   Next: 93%
Magic:  7/7        EV: 11    Int: 13    God:
Gold:   133        SH:  0    Dex: 13    Spells: 7/7 levels left

rFire   . . .      SeeInvis +   v - +2 war axe (venom)
rCold   . . .      Faith    .   (no shield)
rNeg    . . .      Spirit   .   s - +0 swamp dragon scales
rPois   +          Reflect  .   (helmet restricted)
rElec   .          Harm     .   (no cloak)
rCorr   .          Rampage  .   x - +0 pair of gloves
Will    .....                   (no boots)
Stlth   +.........              u - amulet of regeneration
HPRegen 1.02/turn               m - ring of see invisible
MPRegen 0.10/turn               q - +6 ring of intelligence

@: no status effects
A: horns 2, retaliatory headbutt
a: no special abilities


You were on level 6 of the Dungeon.
You visited 1 branch of the dungeon, and saw 6 of its levels.

You collected 283 gold pieces.
You spent 150 gold pieces at shops.

Inventory:

Hand Weapons
 v - a +2 war axe of venom (weapon)
Missiles
 a - 3 boomerangs
 f - 47 stones
 h - 17 poisoned darts (quivered)
Armour
 l - a +0 chain mail
 s - +0 swamp dragon scales (worn)
 x - a +0 pair of gloves (worn)
Jewellery
 m - a ring of see invisible (left hand)
 q - a +6 ring of intelligence (right hand)
 u - an amulet of regeneration (around neck)
Wands
 w - a wand of flame (25)
Scrolls
 b - 2 scrolls of teleportation
 i - a scroll of magic mapping {unknown}
 k - 2 scrolls of silence {unknown}
 o - a scroll of brand weapon {unknown}
 r - 3 scrolls of fear {unknown}
 t - a scroll of amnesia {unknown}
 y - a scroll of torment {unknown}
 A - 2 scrolls of identify
 B - a scroll of blinking {unknown}
Potions
 c - a potion of ambrosia
 d - a potion of berserk rage {unknown}
 e - 2 potions of brilliance
 g - 2 potions of flight
 j - 3 potions of curing
 n - a potion of degeneration {unknown}
 p - 2 potions of cancellation
 z - a potion of attraction {unknown}


   Skills:
 + Level 7.8 Fighting
 * Level 10.5 Axes
 + Level 5.5 Throwing
 - Level 3.2 Dodging
 - Level 1.5 Stealth


You had 7 spell levels left.
You didn't know any spells.
Your spell library contained the following spells:

 Spells                   Type           Power      Damage    Failure   Level
 Freeze                   Ice            0%         1d3       50%         1
 Magic Dart               Conj           0%         1d3       50%         1
 Searing Ray              Conj           0%         2d4       63%         2
 Call Canine Familiar     Summ           0%         N/A       86%         3
 Confusing Touch          Hex            0%         N/A       86%         3
 Frozen Ramparts          Ice            0%         1d1       86%         3
 Portal Projectile        Hex/Tloc       0%         N/A       86%         3
 Tukima's Dance           Hex            0%         N/A       86%         3
 Fulminant Prism          Conj/Hex       0%         3d6       99%         4
 Hailstorm                Conj/Ice       0%         3d3       99%         4
 Leda's Liquefaction      Hex/Erth       0%         N/A       99%         4
 Summon Lightning Spire   Summ/Air       0%         N/A       99%         4
 Blade Hands              Tmut           0%         N/A       100%        5
 Yara's Violent Unravell  Hex/Tmut       0%         3d3       100%        5
 Enfeeble                 Hex            0%         N/A       100%        7
 Storm Form               Tmut/Air       0%         N/A       100%        7
 Maxwell's Capacitive Co  Air            0%         ∞         100%        8


Dungeon Overview and Level Annotations

Branches:
Dungeon (6/15)
 Temple: D:4-7

Altars:
Dithmenos
Elyvilon
Fedhas
Vehumet

Shops:
D:2 (   D:3 [   D:5 *:

Annotations:
D:6 2 transporters, soggyman666's ghost, novice MiFi


Innate Abilities, Weirdness & Mutations

You have a pair of horns on your head.
You reflexively headbutt those who attack you in melee.


Message History

You barely miss the necrophage.
The necrophage is severely damaged.
The necrophage hits you.
You feel drained.
You hit the necrophage.
The necrophage is almost destroyed.
The necrophage hits you but does no damage.
You hit the necrophage.
You destroy the necrophage!
Your life force feels restored.
No target in view!
B - a scroll labelled TEXZAI UGENE You open the door.
A two-headed ogre comes into view.
It is wielding a +0 giant club and a +0 dire flail.
The two-headed ogre shouts in stereo!
You hit the two-headed ogre.
The two-headed ogre is poisoned.
You headbutt the two-headed ogre.
The two-headed ogre is lightly wounded.
The two-headed ogre hits you with a +0 giant club!!
The two-headed ogre hits you with a +0 dire flail!!
You are too injured to fight recklessly!
You are too injured to fight recklessly!
Okay, then.
Okay, then.
You slash the two-headed ogre!
The two-headed ogre looks as sick as possible!
Your headbutt misses the two-headed ogre.
The two-headed ogre is moderately wounded.
You hit the two-headed ogre.
The two-headed ogre looks as sick as possible!
The two-headed ogre is heavily wounded.
The two-headed ogre barely misses you.
The two-headed ogre hits you with a +0 dire flail!
* * * LOW HITPOINT WARNING * * *
You hit the two-headed ogre.
The two-headed ogre looks as sick as possible!
The two-headed ogre is heavily wounded.
The two-headed ogre hits you with a +0 giant club!
* * * LOW HITPOINT WARNING * * *
The two-headed ogre hits you with a +0 dire flail.
You die...

###.##.## ###<......
........####.........####>...###.
.......... '.........+.......###.
.##.#...## ......... #..........
.# .# ..# ....... #.......... .#
.# # ..... #.......... .# .# ...
####...#### .# .# #O# #...# .# .#
#@# #...# .. .. #.# ##.## ##.##
#.# ##...## #.# #.....# #.#
##...## #.# #######.##########.#
...................#
####################


You could see a two-headed ogre (extremely poisoned).

Vanquished Creatures
  Edmund (D:5)
  A water moccasin (D:6)
  4 ice beasts (D:6)
  3 centaurs
  4 ogres
  A necrophage (D:6)
  2 scorpions (D:6)
  A howler monkey (D:6)
  3 hounds
  A jelly (D:6)
  An orc priest (D:6)
  Ijyb (D:5)
  2 iguanas (D:5)
  5 orc wizards
  7 adders
  2 white imps
  A worm (D:3)
  A dart slug (D:2)
  13 orcs
  9 endoplasms
  6 giant cockroaches
  5 goblins
  6 hobgoblins
  4 jackals (D:3)
  8 kobolds
  3 quokkas
  6 ball pythons
  5 bats
  4 frilled lizards
  4 rats
114 creatures vanquished.

Notes
Turn   | Place    | Note
-------+----------+-------------------------------------------
     0 | D:1      | LustLizard the Minotaur Monk began the quest for the Orb.
     0 | D:1      | Reached XP level 1. HP: 19/19 MP: 0/0
   342 | D:1      | Reached skill level 4 in Axes
   466 | D:1      | Reached XP level 2. HP: 27/27 MP: 1/1
   740 | D:1      | Found a faded altar of an unknown god.
   960 | D:1      | You fall into a shaft and drop 1 floor!
  1089 | D:2      | Found Tyem's Antique Weapon Emporium.
  1135 | D:2      | Reached skill level 1 in Throwing
  1231 | D:1      | Reached XP level 3. HP: 33/33 MP: 2/2
  2522 | D:3      | Found a blossoming altar of Fedhas.
  2538 | D:3      | Reached skill level 5 in Axes
  2598 | D:3      | Found Ifruituc's Antique Armour Shop.
  2617 | D:3      | Reached XP level 4. HP: 40/40 MP: 3/3
  2624 | D:3      | Found a shadowy altar of Dithmenos.
  3239 | D:3      | Found a white marble altar of Elyvilon.
  3579 | D:2      | Bought a glowing war axe for 104 gold pieces
  3734 | D:4      | Reached XP level 5. HP: 47/47 MP: 4/4
  4076 | D:4      | Noticed a centaur
  4087 | D:4      | Killed a centaur
  4088 | D:4      | Reached skill level 5 in Fighting
  4088 | D:4      | Reached skill level 6 in Axes
  4253 | D:5      | Entered Level 5 of the Dungeon
  4275 | D:5      | Noticed Edmund
  4312 | D:5      | Noticed a centaur
  4316 | D:5      | Killed a centaur
  4317 | D:5      | Reached XP level 6. HP: 55/56 MP: 5/5
  4343 | D:5      | Found Ypear's Book Shop.
  4352 | D:5      | Reached skill level 7 in Axes
  4389 | D:5      | Reached XP level 7. HP: 53/62 MP: 6/6
  4439 | D:5      | Found Rourox's Assorted Antiques.
  4448 | D:5      | Bought a scroll labelled VOFULAPL WIANOPT for 23 gold
                  | pieces
  4448 | D:5      | Bought a scroll labelled VOFULAPL WIANOPT for 23 gold
                  | pieces
  4497 | D:5      | Noticed Ijyb
  4508 | D:5      | Killed Ijyb
  4647 | D:5      | Killed Edmund
  4648 | D:5      | Reached skill level 8 in Axes
  4874 | D:5      | Reached XP level 8. HP: 50/71 MP: 7/7
  4945 | D:5      | Found a radiant altar of Vehumet.
  5087 | D:6      | Found a transporter.
  5090 | D:6      | Noticed soggyman666's ghost (novice MiFi)
  5099 | D:6      | Found a transporter.
  5264 | D:6      | Reached skill level 9 in Axes
  5477 | D:6      | Reached skill level 5 in Throwing
  5617 | D:6      | Reached skill level 10 in Axes
  5924 | D:6      | Noticed a two-headed ogre
  5928 | D:6      | Slain by a two-headed ogre

Illustrated notes

Levels and vault maps discovered:
D:1:      psy_arrival_conway, layout_loops_corners,
          shapermc_ecumenical_altar_petra
D:2:      layout_loops_corners, serial_shops, shop, serial_park_tiny_1
D:3:      layout_loops_corners, nicolae_dithmenos_the_darkroom,
          lemuel_crystal_altar, mainiacjoe_overflow_boulevard, serial_shops,
          shop
D:4:      cheibrodos_old_hovel, layout_loops_ring, nicolae_eternal_life
D:5:      layout_basic, mainiacjoe_overflow_alcove_1, serial_shops, shop,
          glass_columns_a, minmay_shop_grid_forest, hangedman_decor_lopped,
          kennysheep_diamond, uniq_ijyb, uniq_edmund
D:6:      layout_loops_corners, gammafunk_ghost_stat_death

Skill      XL: |  1  2  3  4  5  6  7  8 |
---------------+-------------------------+-----
Axes           | 4 5 6 7 8 10 | 10.5
Fighting       | 4 5 6 7 |  7.8
Throwing       | 1 2 3 4 5 |  5.5
Dodging        | |  3.2
Stealth        | |  1.5

Action                   |  1- 3 |  4- 6 |  7- 9 || total
-------------------------+-------+-------+-------++-------
Melee: Hand axe          |   102 |    21 |       ||   123
       Headbutt          |    16 |    15 |    15 ||    46
       War axe           |       |    49 |    83 ||   132
       Punch             |       |     1 |     3 ||     4
Throw: Dart              |       |     2 |    31 ||    33
       Stone             |       |     1 |    10 ||    11
  Use: Scroll            |       |     1 |     4 ||     5
 Stab: Sleeping          |     3 |     1 |       ||     4
Armor: Robe              |     2 |       |       ||     2
       Chain mail        |    31 |       |       ||    31
       Swamp dragon scal |       |    33 |    20 ||    53
Dodge: Dodged            |    47 |    50 |    33 ||   130
